 Dungeon Crawl Stone Soup version 0.18.1-8-gdd0e5ea (webtiles) character file.

1851 oplop the Chopper (level 8, -8/66 HPs)
             Began as a Minotaur Gladiator on May 22, 2016.
             Was a Believer of Zin.
             Mangled by Joseph
             ... wielding a +3 quarterstaff of pain
              (16 damage)
             ... on level 7 of the Dungeon.
             The game lasted 00:11:17 (4785 turns).

oplop the Chopper (Minotaur Gladiator)              Turns: 4785, Time: 00:11:18

Health: -8/66      AC:  6    Str: 19    XL:     8   Next: 88%
Magic:  9/9        EV: 15    Int:  5    God:    Zin [**....]
Gold:   295        SH:  0    Dex: 14    Spells: 0 memorised, 7 levels left

rFire  . . .     SeeInvis .     a - +1 war axe
rCold  . . .     Gourm    .     b - +0 leather armour
rNeg   . . .     Faith    .     (no shield)
rPois  .         Spirit   .     c - +0 hat
rElec  .         Dismiss  .     (no cloak)
rCorr  +         Reflect  .     w - +0 pair of gloves
SustAt .         Harm     .     (no boots)
MR     +....     Rnd*Tele +     u - amulet of rage
Stlth  +.........               g - ring of resist corrosion
                                s - ring of protection from magic

@: short of breath, somewhat resistant to hostile enchantments, very unstealthy
A: retaliatory headbutt, claws 1, horns 2, rugged brown scales 1, frail 1, sense
surroundings 1, slow regeneration 2, teleportitis 1, evolution 1
a: Recite, Vitalisation, Donate Gold, Renounce Religion, Evoke Berserk Rage


You were on level 7 of the Dungeon.
You worshipped Zin.
Zin was pleased with you.
You were hungry.

You visited 2 branches of the dungeon, and saw 8 of its levels.

You collected 327 gold pieces.
You donated 32 gold pieces to Zin.

Inventory:

Hand Weapons
 a - a +1 war axe (weapon)
Missiles
 d - 3 throwing nets (quivered)
Armour
 b - a +0 leather armour (worn)
 c - a +0 hat (worn)
 h - a +0 pair of gloves
 w - a +0 pair of gloves (worn)
Jewellery
 g - a ring of resist corrosion (right hand)
 s - a ring of protection from magic (left hand)
 u - an amulet of rage (around neck)
Wands
 z - a wand of heal wounds (5/9)
Scrolls
 e - a scroll of recharging
 j - 3 scrolls of amnesia
 k - a scroll of magic mapping
 o - 4 scrolls of remove curse
 q - 2 scrolls of teleportation
 t - a scroll of fear
 x - a scroll of identify
 y - a scroll of enchant weapon
 B - 3 scrolls of enchant armour
Potions
 l - a potion of ambrosia
 m - a potion of agility {unknown}
 n - 6 potions of flight
 r - 2 potions of resistance
 v - a potion of magic
 A - a potion of curing
 D - a potion of degeneration
 E - a potion of invisibility {unknown}
Comestibles
 f - 4 bread rations
 p - 2 meat rations
 C - a beef jerky


   Skills:
 + Level 6.9 Fighting
 + Level 7.7 Axes
 - Level 2.0 Throwing
 + Level 5.8 Armour
 + Level 6.7 Dodging
 + Level 3.7 Invocations


You had 7 spell levels left.
You didn't know any spells.

Dungeon Overview and Level Annotations

Branches:
Dungeon (7/15)             Temple (1/1) D:4

Altars:
Ashenzari
Dithmenos
Elyvilon
Gozag
Kikubaaqudgha
Nemelex Xobeh
Okawaru
Pakellas
Qazlal
Ru
Sif Muna
Vehumet
Xom
Yredelemnul
Zin
The Shining One

Shops:
D:6 :*   D:7 *

Annotations:
D:5 epen's ghost, novice MfTm
D:7 Joseph


Innate Abilities, Weirdness & Mutations

You reflexively headbutt those who attack you in melee.
You have a pair of horns on your head.
You have sharp fingernails.
You are partially covered in rugged brown scales (AC +1, +3% HP).
You are frail (-10% HP).
You passively map a small area around you.
You do not regenerate naturally when monsters are visible.
You are occasionally teleported next to monsters.
You evolve.


Message History

Joseph hits you with an uncursed quarterstaff of pain.
* * * LOW HITPOINT WARNING * * *
You writhe in agony.
* * * LOW HITPOINT WARNING * * *
Evoke which item? (* to show all) (? for menu, Esc to quit)
Zapping:
z - a wand of heal wounds (6/9)
Press: ? - help, Shift-Dir - straight line, f - you You feel much better.
This wand has 5 charges left.
Joseph hits you with an uncursed quarterstaff of pain!
You writhe in agony.
You hit Joseph but do no damage.
Joseph is severely wounded.
Joseph hits you with an uncursed quarterstaff of pain!
* * * LOW HITPOINT WARNING * * *
You writhe in agony.
* * * LOW HITPOINT WARNING * * *
You slash Joseph! You headbutt Joseph!
Joseph is almost dead.
Joseph hits you with an uncursed quarterstaff of pain!
You die...

, ##...........#(## ,
, , '............... ,
,####............#.. ,
, , ..................
* #...####........ ,
#.#####..(####......##
,
+......).............'
,,
#.###'#......######.##
#...@@.....(.# #.## ,
,#............# #.## ,
*##...........# #.## *
*#......####### #.##
#.......# #.## * *
#......... #.# *
*.......... * #.#
.....$..... * ###.# ,
#...#


You could see Joseph.

Vanquished Creatures
  A hungry ghost (D:6)
  A sky beast (D:3)
  2 ogres
  2 centaurs (D:5)
  2 giant frogs (D:6)
  3 scorpions
  3 killer bees (D:7)
  A howler monkey (D:6)
  5 crimson imps (D:5)
  A centaur zombie (D:6)
  2 hounds
  An orc priest (D:6)
  4 orc wizards
  Natasha (thrice) (D:3)
  2 iguanas
  6 worker ants
  A hound skeleton (D:6)
  Robin (D:2)
  A howler monkey zombie (D:6)
  4 adders
  An adder zombie (D:5)
  An ooze (D:1)
  An adder skeleton (D:5)
  3 worms
  A dart slug (D:3)
  A giant gecko (D:2)
  19 orcs
  3 giant cockroaches
  13 goblins
  9 hobgoblins
  2 jackals (D:5)
  8 kobolds
  3 quokkas
  A ball python (D:6)
  A ball python zombie (D:6)
  8 bats
  4 giant newts
  A jackal zombie (D:5)
  12 rats
138 creatures vanquished.

Vanquished Creatures (others)
  An orc (D:3)
1 creature vanquished.

Grand Total: 139 creatures vanquished

Notes
Turn   | Place    | Note
--------------------------------------------------------------
     0 | D:1      | oplop the Minotaur Gladiator began the quest for the Orb.
     0 | D:1      | Reached XP level 1. HP: 18/18 MP: 0/0
   162 | D:1      | Reached XP level 2. HP: 18/25 MP: 1/1
   277 | D:1      | Reached skill level 4 in Axes
   629 | D:2      | Reached XP level 3. HP: 31/31 MP: 2/2
   934 | D:2      | Found an oddly glowing altar of Pakellas.
  1170 | D:2      | Noticed Robin
  1447 | D:2      | Killed Robin
  1700 | D:3      | Reached XP level 4. HP: 37/38 MP: 3/3
  1715 | D:3      | Noticed Natasha
  1721 | D:3      | Killed Natasha
  1783 | D:3      | Noticed a sky beast
  1847 | D:3      | Reached skill level 5 in Axes
  1968 | D:3      | Reached skill level 1 in Armour
  1977 | D:3      | Noticed Natasha
  1980 | D:3      | Reached XP level 5. HP: 38/46 MP: 4/4
  1982 | D:3      | Killed Natasha
  2048 | D:3      | Killed a sky beast
  2048 | D:3      | Reached XP level 6. HP: 43/53 MP: 5/5
  2052 | D:3      | Gained mutation: You regenerate slowly when monsters are visible. [mutagenic meat]
  2053 | D:3      | Gained mutation: You are frail (-10% HP). [mutagenic meat]
  2054 | D:3      | Gained mutation: Scrolls take you a little longer to read. [mutagenic meat]
  2055 | D:3      | Gained mutation: You evolve. [mutagenic meat]
  2057 | D:3      | Gained mutation: You rapidly evolve. [mutagenic meat]
  2089 | D:3      | Noticed Natasha
  2093 | D:3      | Killed Natasha
  2214 | D:3      | Gained mutation: You have sharp fingernails. [potion of mutation]
  2214 | D:3      | Lost mutation: Scrolls take you a little longer to read. [potion of mutation]
  2232 | D:3      | Lost mutation: You rapidly evolve. [potion of mutation]
  2232 | D:3      | Gained mutation: You are occasionally teleported next to monsters. [potion of mutation]
  2233 | D:3      | Gained mutation: You do not regenerate naturally when monsters are visible. [potion of mutation]
  2233 | D:3      | Gained mutation: You are partially covered in rugged brown scales (AC +1, +3% HP). [potion of mutation]
  2534 | D:4      | Reached skill level 5 in Dodging
  2637 | D:4      | Reached skill level 6 in Axes
  2704 | D:4      | Found a deep blue altar of Sif Muna.
  2705 | D:4      | Found an opulent altar of Gozag.
  2705 | D:4      | Found an iron altar of Okawaru.
  2705 | D:4      | Found a white marble altar of Elyvilon.
  2783 | D:4      | Found an ancient bone altar of Kikubaaqudgha.
  2783 | D:4      | Found a glowing silver altar of Zin.
  2848 | D:4      | Reached skill level 5 in Fighting
  2883 | D:4      | Found a staircase to the Ecumenical Temple.
  2893 | D:4      | Reached XP level 7. HP: 38/56 MP: 6/6
  2910 | Temple   | Entered the Ecumenical Temple
  3025 | D:4      | Became a worshipper of Zin the Law-Giver
  3025 | D:4      | Reached * piety under Zin
  3049 | D:5      | Entered Level 5 of the Dungeon
  3273 | D:5      | Reached ** piety under Zin
  3288 | D:5      | Found a shimmering altar of Xom.
  3313 | D:5      | Reached skill level 1 in Invocations
  3340 | D:5      | Noticed epen's ghost (novice MfTm)
  3472 | D:6      | HP: 1/56 [ogre/giant club (21)]
  3603 | D:5      | Reached XP level 8. HP: 17/65 MP: 8/8
  3755 | D:5      | Gained mutation: You passively map a small area around you. [evolution]
  3799 | D:5      | Reached skill level 7 in Axes
  3936 | D:5      | Found a sparkling altar of Nemelex Xobeh.
  4011 | D:6      | Found Orowoh's Book Boutique.
  4011 | D:6      | Found an opulent altar of Gozag.
  4011 | D:6      | Found Gozag's Platinum Reserve.
  4042 | D:6      | Reached skill level 5 in Armour
  4180 | D:6      | Found a sacrificial altar of Ru.
  4231 | D:6      | Reached *** piety under Zin
  4451 | D:7      | Noticed Joseph
  4669 | D:7      | Found Epuett's Eclectic Emporium.
  4785 | D:7      | Mangled by Joseph

Skill      XL: |  1  2  3  4  5  6  7  8 |
---------------+-------------------------+-----
Axes           | 4 5 6 7 |  7.7
Fighting       | 3 4 5 6 |  6.9
Dodging        | 4 5 6 |  6.7
Armour         | 1 2 3 4 5 |  5.8
Invocations    | 2 3 |  3.7
Throwing       | |  2.0

Action                   |  1- 3 |  4- 6 |  7- 9 || total
-------------------------+-------+-------+-------++-------
Melee: War axe           |    77 |    99 |   141 ||   317
       Headbutt          |     9 |    16 |    35 ||    60
Invok: Recite            |       |       |     2 ||     2
       Vitalisation      |       |       |     1 ||     1
Evoke: Wand              |       |       |     2 ||     2
  Use: Potion            |     2 |     6 |     2 ||    10
       Scroll            |       |       |    15 ||    15
 Stab: Sleeping          |       |       |     1 ||     1
  Eat: Chunk             |     2 |    11 |     3 ||    16
       Meat ration       |       |       |     1 ||     1
       Beef jerky        |       |       |     1 ||     1
Armor: Leather armour    |    20 |    25 |    35 ||    80
Dodge: Dodged            |    73 |    64 |   111 ||   248
